 Dungeon Crawl Stone Soup version 0.27-a0-1154-gfdeffcb720 (webtiles) character file.

Game seed: 3061268783945211706

338883 freelancePsychic the Hand of Fortune (level 21, -15/218 HPs)
             Began as a Demonspawn Monk on May 14, 2021.
             Was the Champion of Nemelex Xobeh.
             Demolished by a titan (31 damage)
             ... on level 2 of the Vaults.
             The game lasted 03:05:53 (59602 turns).

freelancePsychic the Hand of Fortune (DsMo)        Turns: 59602, Time: 03:05:54

Health: -15/218    AC: 23    Str: 30      XL:     21   Next: 3%
Magic:  0/35       EV: 22    Int: 15 (17) God:    Nemelex Xobeh [******]
Gold:   5451       SH:  5    Dex: 17      Spells: 26/32 levels left

rFire    + . .     SeeInvis .     - Unarmed
rCold    + + .     Faith    .   (no shield)
rNeg     + + .     Spirit   +   (armour currently unavailable)
rPois    ∞         Reflect  +   x - -2 hat of the Alchemist {rElec rPois rF+ rC+ rN+ Will+ rMut rCorr}
rElec    +         Harm     .   q - +0 cloak
rCorr    +         Rampage  .   (gloves unavailable)
rMut     +                      (boots currently unavailable)
Will     ++...                  y - amulet of reflection
Stlth    ++........             N - ring "Junier" {Wiz Will- Str+6 Int+3}
HPRegen  0.46/turn              a - ring of Siskem {Will+ EV+4 Str+6}
MPRegen  0.48/turn

@: statue-form, very slightly contaminated, very slow
A: slow and powerful, torment resistance 1, boosted hp, claws 3, icy blue scales
3, icemail 2, magic shield, magic regeneration, magic link, condensation shield
}: 2/15 runes: serpentine, barnacled
a: End Transformation, Renounce Religion, Draw Escape, Draw Destruction, Draw
Summoning, Draw Stack, Triple Draw, Deal Four, Stack Five


You were on level 2 of the Vaults.
You worshipped Nemelex Xobeh.
Nemelex Xobeh was exalted by your worship.
You were a living statue of rough stone.
You visited 8 branches of the dungeon, and saw 37 of its levels.
You also visited: Gauntlet.

You collected 6353 gold pieces.
You spent 902 gold pieces at shops.

Inventory:

Hand Weapons
 n - a +0 morningstar
Missiles
 E - 5 throwing nets
 L - 16 atropa-tipped darts (quivered)
 V - 10 curare-tipped darts
Armour
 l - a +2 pair of boots (melded)
 m - +7 fire dragon scales
 q - a +0 cloak (worn)
 x - the -2 hat of the Alchemist (worn) {rElec rPois rF+ rC+ rN+ Will+ rMut rCorr}
   (You found it on level 5 of the Dungeon)

   It protects you from fire.
   It protects you from cold.
   It insulates you from electricity.
   It protects you from poison.
   It protects you from negative energy.
   It protects you from acid and corrosion.
   It protects you from mutation.
   It increases your willpower.
 X - a +0 tower shield
 Y - a +1 kite shield of cold resistance
Jewellery
 a - the ring of Siskem (right claw) {Will+ EV+4 Str+6}
   (You acquired it on level 6 of the Dungeon)

   [ring of evasion]

   It affects your evasion (+4).
   It affects your strength (+6).
   It increases your willpower.
 y - an amulet of reflection (around neck)
 M - the ring "Liront" {+Blink Will+ EV+4}
   (You found it on level 4 of the Shoals)

   [ring of evasion]

   It affects your evasion (+4).
   It lets you blink.
   It increases your willpower.
 N - the ring "Junier" (left claw) {Wiz Will- Str+6 Int+3}
   (You took it off a deep elf master archer on level 3 of the Elven Halls)

   [ring of wizardry]

   It improves your spell success rate.
   It affects your strength (+6).
   It affects your intelligence (+3).
   It decreases your willpower.
Wands
 g - a wand of flame (21)
 r - a wand of acid (25)
 t - a wand of mindburst (28)
 C - a wand of charming (8)
 G - a wand of iceblast (42)
 K - a wand of digging (5)
 Q - a wand of polymorph (25)
 W - a wand of paralysis (17)
Scrolls
 d - 4 scrolls of amnesia
 f - 5 scrolls of teleportation {@r4}
 h - 2 scrolls of silence
 p - 7 scrolls of vulnerability
 v - 9 scrolls of identify {@r1}
 z - 9 scrolls of enchant weapon
 F - 5 scrolls of brand weapon
 H - 10 scrolls of magic mapping
 J - 4 scrolls of fear
 P - a scroll of holy word
 R - 3 scrolls of summoning
 T - 4 scrolls of enchant armour
 U - 4 scrolls of fog
 Z - 2 scrolls of blinking
Potions
 b - 2 potions of lignification
 c - 15 potions of curing {@q1}
 e - 5 potions of heal wounds {@q2}
 i - 5 potions of haste {@q3}
 j - 3 potions of berserk rage
 k - a potion of cancellation
 o - 3 potions of flight
 s - 7 potions of degeneration
 u - 5 potions of might
 w - 9 potions of ambrosia
 A - 5 potions of brilliance
 B - 6 potions of attraction
 D - 3 potions of invisibility
 I - 2 potions of mutation
 O - 2 potions of magic
 S - a potion of resistance


   Skills:
 - Level 15.1 Fighting
 - Level 1.3 Long Blades
 - Level 8.6 Armour
 - Level 10.0 Dodging
 - Level 1.7 Stealth
 + Level 14.5 Shields
 - Level 16.7 Unarmed Combat
 - Level 6.0 Spellcasting
 - Level 10.1 Transmutations
 - Level 10.1 Earth Magic
 - Level 20.0 Invocations


You had 26 spell levels left.
You knew the following spells:

 Your Spells              Type           Power      Damage    Failure   Level
a - Statue Form           Tmut/Erth      23%        N/A       14%         6

Your spell library contained the following spells:

 Spells                   Type           Power      Damage    Failure   Level
 Beastly Appendage        Tmut           70%        N/A       1%          1
 Sting                    Tmut/Pois      76%        1d6       1%          1
 Wereblood                Tmut           35%        N/A       1%          2
 Petrify                  Tmut/Erth      35%        N/A       1%          4
 Spider Form              Tmut/Pois      9%         N/A       2%          3
 Hydra Form               Tmut           17%        N/A       2%          5
 Ignite Poison            Fire/Tmut/Pois 14%        N/A       4%          3
 Animate Skeleton         Necr           8%         N/A       6%          1
 Apportation              Tloc           8%         N/A       6%          1
 Corona                   Hex            4%         N/A       6%          1
 Foxfire                  Conj/Fire      16%        2x1d4     6%          1
 Freeze                   Ice            16%        1d4       6%          1
 Magic Dart               Conj           16%        1d3       6%          1
 Pain                     Necr           16%        1d4       6%          1
 Shock                    Conj/Air       16%        1d4       6%          1
 Summon Small Mammal      Summ           16%        N/A       6%          1
 Animate Armour           Summ/Erth      38%        N/A       8%          4
 Ice Form                 Ice/Tmut       19%        N/A       8%          4
 Leda's Liquefaction      Hex/Erth       9%         N/A       8%          4
 Blink                    Tloc           N/A        N/A       9%          2
 Call Imp                 Summ           4%         N/A       9%          2
 Ensorcelled Hibernation  Hex/Ice        8%         N/A       9%          2
 Poisonous Vapours        Pois/Air       8%         N/A       9%          2
 Slow                     Hex            4%         N/A       9%          2
 Static Discharge         Conj/Air       4%         N/A       9%          2
 Sublimation of Blood     Necr           2%         N/A       9%          2
 Confusing Touch          Hex            4%         N/A       17%         3
 Conjure Flame            Conj/Fire      4%         6-21      17%         3
 Dazzling Flash           Conj/Hex       8%         N/A       17%         3
 Frozen Ramparts          Ice            8%         1d2       17%         3
 Gell's Gravitas          Tloc           2%         N/A       17%         3
 Inner Flame              Hex/Fire       4%         N/A       17%         3
 Lesser Beckoning         Tloc           2%         N/A       17%         3
 Mephitic Cloud           Conj/Pois/Air  4%         N/A       17%         3
 Ozocubu's Armour         Ice            4%         N/A       17%         3
 Portal Projectile        Hex/Tloc       8%         N/A       17%         3
 Swiftness                Air            4%         N/A       17%         3
 Teleport Other           Tloc           4%         N/A       17%         3
 Tukima's Dance           Hex            4%         N/A       17%         3
 Vampiric Draining        Necr           2%         2d6       17%         3
 Alistair's Intoxication  Tmut/Pois      12%        N/A       21%         5
 Irradiate                Conj/Tmut      9%         3d16      21%         5
 Bolt of Magma            Conj/Fire/Erth 7%         4d6       38%         5
 Airstrike                Air            2%         N/A       47%         4
 Animate Dead             Necr           2%         N/A       47%         4
 Cause Fear               Hex            2%         N/A       47%         4
 Hailstorm                Conj/Ice       4%         3d4       47%         4
 Olgreb's Toxic Radiance  Pois           4%         N/A       47%         4
 Sticky Flame             Conj/Fire      4%         2d3       47%         4
 Summon Ice Beast         Ice/Summ       4%         N/A       47%         4
 Summon Lightning Spire   Summ/Air       4%         N/A       47%         4
 Eringya's Noxious Bog    Tmut/Pois      9%         N/A       69%         6
 Iron Shot                Conj/Erth      9%         9d3       69%         6
 Agony                    Necr           4%         N/A       82%         5
 Fireball                 Conj/Fire      2%         3d4       82%         5
 Lightning Bolt           Conj/Air       2%         1d13      82%         5
 Manifold Assault         Tloc           4%         N/A       82%         5
 Metabolic Englaciation   Hex/Ice        2%         N/A       82%         5
 Silence                  Hex/Air        2%         N/A       82%         5
 Conjure Ball Lightning   Conj/Air       2%         3x3d6     100%        6
 Freezing Cloud           Conj/Ice/Air   2%         6-21      100%        6
 Invisibility             Hex            4%         N/A       100%        6
 Starburst                Conj/Fire      2%         8x6d3     100%        6
 Malign Gateway           Summ/Tloc      2%         N/A       100%        7
 Summon Hydra             Summ           2%         N/A       100%        7
 Ignition                 Fire           2%         3d3       100%        8
 Shatter                  Erth           17%        3d16*     100%        9
 Tornado                  Air            2%         N/A       100%        9


Dungeon Overview and Level Annotations

Branches:
Dungeon (15/15)            Temple (1/1) D:4            Lair (6/6) D:9
 Shoals (4/4) Lair:3        Snake (4/4) Lair:3        Slime (0/5) Lair:5
    Orc (2/2) D:10            Elf (3/3) Orc:2        Vaults (2/5) D:14
  Crypt (0/3) Vaults:2     Depths (0/5) D:15        Gauntlet (visited)

Altars:
Ashenzari
Cheibriados
Dithmenos
Elyvilon
Fedhas
Gozag
Hepliaklqana
Kikubaaqudgha
Makhleb
Nemelex Xobeh
Okawaru
Qazlal
Ru
Sif Muna
Trog
Uskayaw
Vehumet
Wu Jian
Xom
Yredelemnul
Zin
The Shining One
Jiyva

Shops:
D:10 *   Orc:1 =   Orc:2 ([[?   Snake:2 =(   Vaults:1 [   Vaults:2 ?

Annotations:
D:15 3 runed translucent doors, Yamstis's ghost, adept GnMo
Lair:4 1 runed translucent door, Aqorghia's ghost, novice DDWr
Snake:4 1 runed translucent door, jejorda2's ghost, adept MfBe
Elf:2 3 runed translucent doors


Innate Abilities, Weirdness & Mutations

You are a living statue of rough stone.
Your actions are slow, but your melee attacks are powerful.
You are resistant to unholy torment.
Your maximum health is greatly increased.
You are immune to poison.
Your equipment is partially melded.
You have claws for hands.
(You are completely covered in icy blue scales. (AC +4, rC+))
A meltable icy envelope protects you from harm. (AC +0)
When hurt, damage is shared between your health and your magic reserves.
You regenerate magic rapidly.
When low on magic, you restore magic in place of health.
A meltable shield of frost defends you. (SH +0)


Message History

You eviscerate the titan!!!
The titan is heavily wounded.
You mangle the titan!!
The titan is severely wounded.
The titan waves its arms in wide circles.
The air twists around and strikes you!
The glowing orange brain pulsates.
You feel dopey. Something feeds on your intellect!
Casting: Statue Form (dangerous; 14% risk of failure)
Confirm with . or Enter, or press ? or * to list all spells.
You miscast Statue Form.
You are very lightly contaminated with residual magic.
Your limbs ache and wobble like jelly.
The titan hits you but does no damage.
The glowing orange brain blinks!
Casting: Statue Form (dangerous; 14% risk of failure)
Confirm with . or Enter, or press ? or * to list all spells.
You turn into a living statue of rough stone.
Your +2 pair of boots melds into your body.
The titan waves its arms in wide circles.
The air twists around and strikes you!
* * * LOW HITPOINT WARNING * * *
The golden dragon breathes fire at you. The bolt of fire hits you!
Your icy defenses dissipate!
You resist.
* * * LOW HITPOINT WARNING * * *
The glowing orange brain pulsates.
Something tries to feed on your intellect!
You draw a card...
You have drawn the Tomb.
Walls emerge from the floor!
The titan waves its arms in wide circles.
The air twists around and strikes you!!!
* * * LOW HITPOINT WARNING * * *
The glowing orange brain pulsates ominously.
The glowing orange brain blinks!
The titan completely misses you.
You mangle the titan!! Your claw misses the titan.
The titan is almost dead.
The titan hits you!!
You die...
Your body glows with a rainbow of weird colours and disappears.

.# #..#............# .#
#))#............# .#
#.)#............# ##
#).#......s.....# #
#..#............#
#..#............#
#.[#..([[[.....$#
#C##.?.)..)})$..#
#8###############
##################
#.......)##......#
#........##......#
#........##....>.#
#........##......#
#.).....D##......#
#.......(##......#
########'##'####+########


You could see a titan.

Vanquished Creatures
  Vashnia (Snake:3)
  Rupert (Lair:4)
  2 deep elf master archers (Elf:3)
  2 deep elf blademasters (Elf:3)
  A kraken (Shoals:3)
  2 sphinxes
  Roxanne (Shoals:4)
  2 storm dragons
  An azure jelly (Elf:3)
  5 nagarajas
  Aizul (Snake:2)
  7 deep elf sorcerers
  2 ghost moths
  3 frost giants
  An orc warlord (Orc:2)
  7 vault wardens
  A curse skull (Vaults:2)
  Louise (D:15)
  A very ugly thing (Vaults:2)
  7 ironbound preservers
  A stone giant (Vaults:2)
  2 deep elf demonologists
  7 deep elf annihilators (Elf:3)
  2 dire elephants (Vaults:2)
  2 eidola (Vaults:2)
  2 minotaurs
  2 spark wasps
  7 deep elf death magi
  2 ettins
  6 merfolk impalers
  3 merfolk javelineers
  2 fire dragons
  The ghost of Helyuxif the Fighter, a journeyman OpIE of Qazlal (Lair:5)
  5 deep elf high priests (Elf:3)
  10 yaktaur captains
  3 great orbs of eyes
  17 naga warriors
  3 salamander tyrants
  11 vault guards
  4 ironbound thunderhulks
  2 merfolk avatars (Shoals:3)
  Erolcha (Orc:1)
  3 catoblepae
  4 boulder beetles
  4 two-headed ogres
  14 centaur warriors
  3 anacondas
  4 ironbound frosthearts
  6 merfolk aquamancers
  5 hydras
  2 alligators
  2 ogre magi
  An alligator snapping turtle (Shoals:4)
  11 dancing weapons
  4 satyrs
  2 ironbound beastmasters
  A vampire mage (Vaults:2)
  A tengu warrior (D:10)
  3 orc high priests
  4 death yaks
  14 naga sharpshooters
  Sonja (Lair:4)
  4 shock serpents
  9 deep elf knights
  A fire crab (Lair:6)
  A skeletal warrior (D:15)
  A glowing orange brain (Snake:1)
  11 deep trolls
  A naga ritualist (Snake:3)
  12 sea snakes
  12 ironbound convokers
  3 orc knights
  18 deep elf zephyrmancers
  9 wizards
  7 deep elf archers
  3 lindwurms (Vaults:1)
  8 harpies
  A phantasmal warrior (D:14)
  An orb spider (Snake:1)
  25 deep elf pyromancers
  3 necromancers
  An orb spider (shapeshifter) (Orc:2)
  An orc sorcerer (Elf:3)
  5 mana vipers
  13 manticores
  3 fauns
  A fire giant zombie (Vaults:2)
  4 oklob plants (Lair:2)
  8 cyclopes
  20 ugly things
  11 salamanders
  An elephant (Shoals:2)
  A stone giant skeleton (Vaults:1)
  A fire giant skeleton (Vaults:1)
  A moth of wrath (Shoals:4)
  47 black mambas
  6 merfolk sirens
  11 naga magi
  5 guardian serpents
  11 vault sentinels
  15 cane toads
  4 water nymphs
  3 molten gargoyles (Lair:6)
  A torpor snail (D:12)
  5 gargoyles
  3 rime drakes
  36 yaktaurs
  3 freezing wraiths
  An efreet (D:13)
  15 komodo dragons
  2 unseen horrors
  2 kobold demonologists
  An elf skeleton (Vaults:2)
  An ice devil (Gauntlet)
  9 trolls
  A tengu conjurer (D:10)
  A red devil (D:12)
  A queen bee (Lair:3)
  5 polar bears
  5 meliai
  A tengu simulacrum (Vaults:2)
  27 merfolk
  A tyrant leech (Shoals:4)
  21 blink frogs
  9 wind drakes
  A dream sheep (shapeshifter) (Vaults:1)
  A hornet (D:10)
  9 snapping turtles
  15 slime creatures
  4 dream sheep (Shoals:3)
  2 ettin zombies
  A meliai zombie (D:11)
  9 flying skulls (Gauntlet)
  A tarantella (Snake:3)
  A redback (shapeshifter) (D:15)
  15 water elementals
  A vampire (D:12)
  46 yaks
  6 wyverns (Lair:6)
  A tarantella (shapeshifter) (D:14)
  11 basilisks
  An elf zombie (Vaults:1)
  An air elemental (Elf:3)
  7 wraiths
  A human (D:14)
  2 fire bats (D:14)
  2 steam dragons (Lair:6)
  A basilisk (shapeshifter) (D:12)
  A swamp worm (shapeshifter) (D:15)
  A swamp worm (D:15)
  57 nagas
  Edmund (D:5)
  3 wargs
  3 acid dragons
  2 floating eyes
  16 water moccasins
  4 hell hounds (Lair:6)
  A swamp drake (Lair:1)
  39 orc warriors
  6 black bears
  17 wolves
  8 ogres
  A tengu (Snake:1)
  4 sky beasts
  A necrophage (D:6)
  A boggart (Snake:1)
  21 centaurs
  A phantom (D:5)
  A kobold brigand (D:10)
  A human zombie (Vaults:2)
  11 bullfrogs
  2 gnoll sergeants
  3 scorpions
  25 killer bees
  5 howler monkeys
  9 wights
  4 electric eels
  4 lava snakes (Lair:6)
  2 centaur zombies
  A bullfrog skeleton (D:5)
  A jelly (D:5)
  A hound (D:5)
  18 orc priests
  2 gnoll shamans
  11 iguanas
  2 scorpion zombies (D:5)
  8 orc wizards
  3 hell rats (Lair:1)
  A hound zombie (D:5)
  2 hound skeletons
  2 howler monkey zombies
  4 adders
  16 gnolls
  4 white imps (Gauntlet)
  An adder zombie (D:5)
  A dart slug (D:5)
  77 orcs
  5 ball pythons
  4 bat zombies (D:7)
  3 endoplasms
  6 hobgoblins
  A quokka (D:5)
  2 bats
  17 frilled lizards
  12 kobolds
  3 rats
  2 rat zombies (D:7)
  4 tentacles (Shoals:3)
1295 creatures vanquished.

Vanquished Creatures (collateral kills)
  A vault warden (Vaults:2)
  A fire giant (Vaults:2)
  The ghost of robertstho the Eclecticist, a journeyman DjFE of Ashenzari (Lair:5)
  An ironbound preserver (Vaults:2)
  2 very ugly things (Vaults:2)
  The ghost of Lorysmes the Transmogrifier, a journeyman DrTm of Uskayaw (Lair:5)
  Nessos (Lair:4)
  An ettin (Vaults:2)
  A deep elf death mage (Elf:3)
  A fire dragon (Lair:6)
  A yaktaur captain (Vaults:2)
  2 vault guards (Vaults:2)
  2 naga warriors (Snake:4)
  A hydra (Vaults:2)
  2 centaur warriors (Orc:2)
  3 anacondas
  An ogre mage (D:15)
  A merfolk aquamancer (Shoals:4)
  A dancing weapon (Elf:3)
  A tengu warrior (D:14)
  2 death yaks (Lair:4)
  5 naga sharpshooters
  2 shock serpents (Snake:2)
  A sea snake (Snake:2)
  4 deep trolls (Vaults:2)
  A mana viper (Snake:2)
  A deep elf pyromancer (Orc:1)
  5 ugly things
  4 deep elf zephyrmancers
  An orc sorcerer (Orc:2)
  A human zombie (Vaults:1)
  4 fauns (Shoals:1)
  A merfolk siren (Shoals:1)
  2 naga magi (Snake:4)
  A vault sentinel (Vaults:2)
  2 black mambas
  2 yaktaurs
  A tengu conjurer (D:14)
  2 komodo dragons (Lair:1)
  A troll (Orc:2)
  2 merfolk (Shoals:4)
  Prince Ribbit (D:6)
  A tarantella (shapeshifter) (D:10)
  8 yaks
  7 nagas
  8 orc warriors
  An ogre (Orc:1)
  2 wolves (Lair:2)
  A centaur (Orc:2)
  An orc priest (Orc:1)
  3 hell rats (Lair:1)
  2 orc wizards
  2 gnolls (D:8)
  2 orcs
110 creatures vanquished.

Vanquished Creatures (others)
  A naga warrior (Snake:3)
  An ogre mage (D:14)
  2 deep elf knights
  A sea snake (Shoals:4)
  3 deep elf zephyrmancers
  A naga mage (Snake:3)
  A naga (Snake:4)
  An orc wizard (Orc:1)
  4 orcs
  A frilled lizard (Lair:1)
  67 fungi
  203 plants
  16 tentacles (Shoals:3)
302 creatures vanquished.

Grand Total: 1707 creatures vanquished

Notes
Turn   | Place    | Note
-------+----------+-------------------------------------------
     0 | D:1      | freelancePsychic the Demonspawn Monk began the quest for
                  | the Orb.
     0 | D:1      | Reached XP level 1. HP: 18/18 MP: 1/1
   532 | D:1      | Gained mutation: A meltable shield of frost defends you.
                  | (SH +0) [demonic ancestry]
   532 | D:1      | Reached XP level 2. HP: 24/24 MP: 2/2
   590 | D:1      | Found a faded altar of an unknown god.
  1483 | D:2      | Gained mutation: You have sharp fingernails. [demonic
                  | ancestry]
  1483 | D:2      | Reached XP level 3. HP: 28/30 MP: 3/3
  3377 | D:3      | Noticed a black bear
  3457 | D:3      | Identified a scroll of acquirement
  3458 | D:3      | Acquired a +4 vorpal great sword
  3472 | D:3      | Killed a black bear
  3473 | D:3      | Reached skill level 5 in Fighting
  3473 | D:3      | Reached skill level 1 in Long Blades
  3473 | D:3      | Gained mutation: You are partially covered in icy blue
                  | scales. (AC +2) [demonic ancestry]
  3473 | D:3      | Reached XP level 4. HP: 39/39 MP: 4/4
  3473 | D:3      | Gained mutation: You have very sharp fingernails. [demonic
                  | ancestry]
  3473 | D:3      | Reached XP level 5. HP: 44/44 MP: 5/5
  3597 | D:4      | Found a staircase to the Ecumenical Temple.
  3607 | Temple   | Entered the Ecumenical Temple
  3660 | Temple   | Became a worshipper of Nemelex Xobeh the Trickster
  3660 | Temple   | Reached * piety under Nemelex Xobeh
  3660 | Temple   | Received a gift from Nemelex Xobeh
  3660 | Temple   | Received a gift from Nemelex Xobeh
  3660 | Temple   | Reached ** piety under Nemelex Xobeh
  3951 | D:4      | Found a blossoming altar of Fedhas.
  4601 | D:5      | Entered Level 5 of the Dungeon
  4707 | D:5      | Reached skill level 1 in Invocations
  5020 | D:4      | Gained mutation: A meltable icy envelope protects you from
                  | harm. (AC +0) [demonic ancestry]
  5020 | D:4      | Reached XP level 6. HP: 45/52 MP: 7/7
  5200 | D:5      | Reached skill level 2 in Invocations
  5267 | D:5      | Found the -2 hat of the Alchemist {rElec rPois rF+ rC+ rN+
                  | Will+ rMut rCorr}
  5332 | D:5      | Noticed Edmund
  5392 | D:6      | Noticed Prince Ribbit
  5398 | D:6      | Killed Prince Ribbit
  5399 | D:6      | Reached skill level 3 in Invocations
  5432 | D:6      | Reached *** piety under Nemelex Xobeh
  5437 | D:6      | Reached XP level 7. HP: 45/58 MP: 9/9
  5829 | D:6      | Reached skill level 5 in Unarmed Combat
  5829 | D:6      | Reached skill level 4 in Invocations
  6000 | D:6      | Acquired the ring of Siskem {Will+ EV+4 Str+6}
  6096 | D:6      | Received a gift from Nemelex Xobeh
  6377 | D:7      | Reached XP level 8. HP: 47/65 MP: 11/11
  6426 | D:7      | Reached skill level 5 in Invocations
  6766 | D:7      | Killed an unseen horror
  6767 | D:7      | Reached skill level 6 in Invocations
  7088 | D:7      | Received a gift from Nemelex Xobeh
  7090 | D:7      | Reached skill level 7 in Invocations
  7127 | D:7      | Found an ancient bone altar of Kikubaaqudgha.
  7329 | D:5      | Reached XP level 9. HP: 71/71 MP: 14/14
  7518 | D:5      | Killed Edmund
  7745 | D:8      | Reached skill level 8 in Invocations
  7794 | D:8      | Reached **** piety under Nemelex Xobeh
  8105 | D:8      | Found a basalt altar of Yredelemnul.
  8492 | D:9      | Reached skill level 9 in Invocations
  8800 | D:9      | Reached skill level 10 in Unarmed Combat
  8801 | D:9      | Received a gift from Nemelex Xobeh
  8801 | D:9      | Found a staircase to the Lair.
  8808 | D:9      | Gained mutation: A meltable icy envelope protects you from
                  | harm. (AC +0) [demonic ancestry]
  8808 | D:9      | Reached XP level 10. HP: 70/77 MP: 17/17
  8928 | D:9      | Reached skill level 10 in Invocations
  9139 | D:9      | Found a sacrificial altar of Ru.
  9382 | D:10     | Entered Level 10 of the Dungeon
  9444 | D:10     | Found Zin's Purification Station.
  9484 | D:10     | Found a snail-covered altar of Cheibriados.
  9854 | D:10     | Reached skill level 11 in Invocations
 10190 | D:10     | Found a shimmering altar of Xom.
 10245 | D:10     | Noticed a tengu warrior
 10246 | D:10     | Noticed a purple ugly thing
 10251 | D:10     | Noticed a two-headed ogre
 10256 | D:10     | Killed a purple ugly thing
 10260 | D:10     | Killed a tengu warrior
 10261 | D:10     | Reached skill level 10 in Fighting
 10261 | D:10     | Gained mutation: You are mostly covered in icy blue scales.
                  | (AC +3) [demonic ancestry]
 10261 | D:10     | Reached XP level 11. HP: 81/90 MP: 11/19
 10269 | D:10     | Killed a two-headed ogre
 10270 | D:10     | Reached skill level 12 in Invocations
 10320 | Lair:1   | Entered Level 1 of the Lair of Beasts
 10502 | Lair:1   | Received a gift from Nemelex Xobeh
 11322 | Lair:1   | Reached skill level 13 in Invocations
 12019 | Lair:1   | Reached skill level 5 in Dodging
 12214 | Lair:2   | Received a gift from Nemelex Xobeh
 12245 | Lair:1   | Reached skill level 14 in Invocations
 12489 | Lair:2   | Acquired the ring of Cowardice {rElec rPois rF+ Will-
                  | Int+6}
 12491 | Lair:2   | Acquired 1234 gold pieces
 12643 | Lair:2   | Noticed an oklob plant
 12705 | Lair:2   | Gained mutation: You regenerate magic rapidly. [demonic
                  | ancestry]
 12705 | Lair:2   | Reached XP level 12. HP: 77/97 MP: 22/22
 12891 | Lair:2   | You fall into a shaft and drop 1 floor!
 13018 | Lair:3   | Found a staircase to the Snake Pit.
 13215 | Lair:3   | Found a staircase to the Shoals.
 13398 | Lair:3   | Noticed a six-headed hydra
 13406 | Lair:3   | Killed a six-headed hydra
 13407 | Lair:3   | Reached skill level 15 in Invocations
 13529 | Lair:3   | Received a gift from Nemelex Xobeh
 13537 | Lair:3   | Reached ***** piety under Nemelex Xobeh
 13995 | Lair:3   | Received a gift from Nemelex Xobeh
 14030 | Lair:3   | Noticed a four-headed hydra
 14036 | Lair:3   | Killed a four-headed hydra
 14718 | Lair:4   | Noticed Snorg
 14719 | Lair:4   | Noticed Snorg
 14719 | Lair:4   | Snorg changed into Snorg the salamander
 14726 | Lair:4   | Killed Snorg the salamander
 14772 | Lair:4   | Noticed a death yak
 14774 | Lair:4   | Noticed a death yak
 14775 | Lair:4   | Noticed a death yak
 14788 | Lair:4   | Killed a death yak
 14795 | Lair:4   | Killed a death yak
 14796 | Lair:4   | Killed a death yak
 15024 | Lair:4   | Noticed Rupert
 15031 | Lair:4   | Received a gift from Nemelex Xobeh
 15042 | Lair:4   | Noticed Nessos
 15511 | Lair:5   | Noticed a catoblepas
 15518 | Lair:5   | Killed a catoblepas
 15519 | Lair:5   | Reached XP level 13. HP: 97/105 MP: 24/24
 15629 | Lair:5   | Received a gift from Nemelex Xobeh
 15641 | Lair:5   | Identified the ring of Lobiadi {rC+ Stlth+}
 15850 | Lair:5   | Found a viscous altar of Jiyva.
 15850 | Lair:5   | Found a staircase to the Slime Pits.
 16077 | Lair:5   | Received a gift from Nemelex Xobeh
 16463 | Lair:5   | Found a runed translucent gate.
 16464 | Lair:5   | Found a runed translucent gate.
 16465 | Lair:5   | Found a runed translucent gate.
 16466 | Lair:5   | Noticed robertstho's ghost (journeyman DjFE)
 16466 | Lair:5   | Noticed Lorysmes's ghost (journeyman DrTm)
 16466 | Lair:5   | Noticed Helyuxif's ghost (journeyman OpIE)
 16479 | Lair:5   | Killed Lorysmes's ghost
 16483 | Lair:5   | Killed robertstho's ghost
 16492 | Lair:5   | Killed Helyuxif's ghost
 16621 | Lair:6   | Entered Level 6 of the Lair of Beasts
 17573 | Lair:6   | Received a gift from Nemelex Xobeh
 17638 | Lair:6   | Identified the +7 giant spiked club "Piofedi" {vorpal,
                  | rElec rC- Str+3}
 17840 | Lair:6   | Gained mutation: You are completely covered in icy blue
                  | scales. (AC +4, rC+) [demonic ancestry]
 17840 | Lair:6   | Reached XP level 14. HP: 115/115 MP: 25/25
 18172 | Lair:6   | Found a large runed translucent door.
 18172 | Lair:6   | Found a large runed translucent door.
 18963 | Lair:4   | Killed Rupert
 18995 | Lair:4   | Killed Nessos
 19005 | Lair:4   | Noticed Sonja
 19336 | Lair:4   | Found a runed translucent door.
 19336 | Lair:4   | Found a shimmering altar of Xom.
 19336 | Lair:4   | Noticed Aqorghia's ghost (novice DDWr)
 19336 | Lair:4   | Identified the +8 scythe "Gethouli" {chaos, +Rage Dex+5}
 19457 | Lair:4   | Received a gift from Nemelex Xobeh
 19569 | Lair:4   | Killed Sonja
 19898 | Lair:4   | Upgraded the game from 0.27-a0-1149-g4505690ab0 to
                  | 0.27-a0-1154-gfdeffcb720
 20722 | D:10     | Received a gift from Nemelex Xobeh
 21220 | D:10     | Found a staircase to the Orcish Mines.
 21325 | D:10     | Identified the +3 demon whip of Kam Hano {vorpal, *Noise
                  | +Rage Dex+3}
 21325 | D:10     | Identified the +0 leather armour of the Blue Moon {-Cast
                  | Rampage rElec}
 21497 | Orc:1    | Entered Level 1 of the Orcish Mines
 21882 | Orc:1    | Found Qogeinku's Jewellery Boutique.
 21955 | Orc:1    | Noticed Erolcha
 21956 | Orc:1    | Reached skill level 10 in Dodging
 21957 | Orc:1    | Killed Erolcha
 22247 | Orc:1    | Received a gift from Nemelex Xobeh
 22486 | Orc:1    | Reached ****** piety under Nemelex Xobeh
 22588 | Orc:2    | Entered Level 2 of the Orcish Mines
 22652 | Orc:2    | Found a staircase to the Elven Halls.
 22677 | Orc:2    | Found a gate leading to a gauntlet.
 22686 | Gauntlet | Entered a Gauntlet
 22686 | Gauntlet | Found a transporter.
 22686 | Gauntlet | Found a transporter.
 22688 | Gauntlet | Found a transporter.
 22688 | Gauntlet | Found a transporter.
 22692 | Gauntlet | Found a transporter.
 22693 | Gauntlet | Found a transporter.
 22727 | Gauntlet | Found a transporter.
 22728 | Gauntlet | Found a transporter.
 22738 | Gauntlet | Found a transporter.
 22753 | Gauntlet | Received a gift from Nemelex Xobeh
 22753 | Gauntlet | Found a transporter.
 22767 | Gauntlet | Found a transporter.
 22771 | Gauntlet | Found a transporter.
 22826 | Gauntlet | Reached skill level 16 in Invocations
 22906 | Gauntlet | Identified the +0 pair of gloves of the Stars {rF+ rC++}
 22941 | Gauntlet | Identified the +5 dagger of Duliom {flame, rElec rPois
                  | Str-2}
 22945 | Gauntlet | Identified the +1 scale mail of Cowatt {rF+ Str+4}
 23157 | Orc:2    | Noticed an orc warlord
 23177 | Orc:2    | Killed an orc warlord
 23179 | Orc:2    | Reached XP level 15. HP: 52/124 MP: 27/27
 24463 | Orc:2    | Found Tissewaq's Armour Emporium.
 24463 | Orc:2    | Found Moilih's Armour Boutique.
 24465 | Orc:2    | Found Kelo's Antique Weapon Shop.
 24467 | Orc:2    | Found Heacelerch's Magic Scroll Shoppe.
 24481 | Orc:2    | Bought a scroll of enchant armour for 127 gold pieces
 24481 | Orc:2    | Bought a scroll of blinking for 127 gold pieces
 24481 | Orc:2    | Bought a scroll of enchant armour for 127 gold pieces
 24596 | Orc:2    | Received a gift from Nemelex Xobeh
 25340 | D:11     | Received a gift from Nemelex Xobeh
 25920 | D:12     | Received a gift from Nemelex Xobeh
 25942 | D:12     | Killed a ghost moth
 26129 | D:12     | Noticed a storm dragon
 26142 | D:12     | Killed a storm dragon
 26387 | D:12     | Found a snail-covered altar of Cheibriados.
 27076 | D:12     | Received a gift from Nemelex Xobeh
 27609 | D:13     | Received a gift from Nemelex Xobeh
 27777 | D:13     | Reached skill level 15 in Fighting
 27845 | D:13     | Received a gift from Nemelex Xobeh
 27971 | D:13     | Received a gift from Nemelex Xobeh
 28072 | D:13     | Reached skill level 1 in Shields
 28520 | D:14     | Noticed Kirke
 28521 | D:14     | Noticed Kirke
 28521 | D:14     | Kirke changed into Kirke the sphinx
 28521 | D:14     | Killed Kirke the sphinx
 28542 | D:14     | Reached skill level 17 in Invocations
 28801 | D:14     | Received a gift from Nemelex Xobeh
 28951 | D:14     | Found a basalt altar of Yredelemnul.
 29332 | D:14     | Reached skill level 5 in Shields
 29482 | D:14     | Found a gate to the Vaults.
 30064 | D:15     | Entered Level 15 of the Dungeon
 30067 | D:15     | Found a runed translucent gate.
 30067 | D:15     | Found a runed translucent gate.
 30067 | D:15     | Found a runed translucent gate.
 30082 | D:15     | Noticed Yamstis's ghost (adept GnMo)
 30101 | D:15     | Received a gift from Nemelex Xobeh
 30375 | D:15     | Found a staircase to the Depths.
 30610 | D:15     | Reached XP level 16. HP: 38/136 MP: 28/28
 30905 | D:15     | Noticed Louise
 31028 | D:15     | Killed Louise
 32005 | Snake:1  | Entered Level 1 of the Snake Pit
 32338 | Snake:1  | Reached skill level 18 in Invocations
 32592 | Snake:1  | Received a gift from Nemelex Xobeh
 32979 | Snake:1  | Received a gift from Nemelex Xobeh
 34840 | Snake:2  | Received a gift from Nemelex Xobeh
 34873 | Snake:2  | Found Nexzue's Jewellery Shop.
 34878 | Snake:2  | Found Ifaseiq's Antique Weapon Shop.
 35403 | Snake:2  | Found a runed translucent gate.
 35403 | Snake:2  | Found a runed translucent gate.
 35403 | Snake:2  | Found a runed translucent gate.
 35419 | Snake:2  | Reached skill level 10 in Shields
 35735 | Snake:3  | Identified the +0 trident of the Heavens {protect, rF-
                  | Str+6}
 35826 | Snake:3  | Reached skill level 19 in Invocations
 36130 | Snake:3  | Noticed Vashnia
 36144 | Snake:3  | Noticed Aizul
 36582 | Snake:2  | Killed Aizul
 37628 | Snake:3  | Killed Vashnia
 37629 | Snake:3  | Reached skill level 20 in Invocations
 37629 | Snake:3  | Gained mutation: When hurt, damage is shared between your
                  | health and your magic reserves. [demonic ancestry]
 37629 | Snake:3  | Reached XP level 17. HP: 118/142 MP: 29/31
 37787 | Snake:3  | Received a gift from Nemelex Xobeh
 37870 | Snake:3  | Reached skill level 1 in Armour
 38097 | Snake:4  | Entered Level 4 of the Snake Pit
 38745 | Snake:3  | Reached skill level 15 in Unarmed Combat
 38914 | Snake:4  | Found a runed translucent door.
 38914 | Snake:4  | Found a shimmering altar of Xom.
 38914 | Snake:4  | Noticed jejorda2's ghost (adept MfBe)
 40404 | Snake:4  | Reached skill level 5 in Armour
 41536 | Snake:4  | Received a gift from Nemelex Xobeh
 41596 | Snake:4  | Got a serpentine rune of Zot
 41855 | Shoals:1 | Entered Level 1 of the Shoals
 42754 | Shoals:1 | Received a gift from Nemelex Xobeh
 44245 | Shoals:2 | Gained mutation: You have claws for hands. [demonic
                  | ancestry]
 44245 | Shoals:2 | Reached XP level 18. HP: 106/149 MP: 28/32
 44626 | Shoals:2 | Found a hide-covered altar of Uskayaw.
 45284 | Shoals:3 | Received a gift from Nemelex Xobeh
 45930 | Shoals:3 | Received a gift from Nemelex Xobeh
 46581 | Shoals:4 | Entered Level 4 of the Shoals
 46960 | Shoals:4 | Received a gift from Nemelex Xobeh
 47030 | Shoals:4 | Noticed Roxanne
 47069 | Shoals:4 | Killed Roxanne
 47246 | Shoals:4 | Reached skill level 1 in Transmutations
 47246 | Shoals:4 | Reached skill level 1 in Earth Magic
 48668 | Shoals:4 | Got a barnacled rune of Zot
 48871 | Shoals:4 | Identified the ring "Liront" {+Blink Will+ EV+4}
 49323 | Shoals:4 | Received a gift from Nemelex Xobeh
 49877 | Elf:1    | Entered Level 1 of the Elven Halls
 49946 | Orc:2    | Reached skill level 5 in Transmutations
 49946 | Orc:2    | Reached skill level 5 in Earth Magic
 50646 | Elf:1    | Identified the Grimoire of the Entourage
 50911 | Elf:1    | Received a gift from Nemelex Xobeh
 51012 | Elf:1    | Identified the +1 ring mail "Intah" {*Slow rN+ Str+4}
 51891 | Elf:2    | Received a gift from Nemelex Xobeh
 52128 | Elf:2    | Found a runed translucent gate.
 52130 | Elf:2    | Found a runed translucent gate.
 52131 | Elf:2    | Found a runed translucent gate.
 52189 | Elf:2    | Identified the +2 spear "Tery" {flame, rF+ Int+2}
 52203 | Elf:2    | Reached XP level 19. HP: 155/155 MP: 33/33
 52631 | Elf:3    | Entered Level 3 of the Elven Halls
 52974 | Elf:3    | Received a gift from Nemelex Xobeh
 54029 | Elf:3    | Learned a level 6 spell: Statue Form
 54047 | Elf:3    | Identified the amulet "Jaschiteu" {Acrobat Will+ rCorr}
 54060 | Elf:3    | Identified the ring "Junier" {Wiz Will- Str+6 Int+3}
 54067 | Elf:3    | Reached skill level 1 in Spellcasting
 54357 | Elf:3    | Identified the ring "Udek" {+Blink rPois Int+2}
 54370 | Elf:3    | Identified the +7 hunting sling of Jusem {flame, Will+}
 54382 | Elf:3    | Found the +10 Black Knight's barding {ponderous, rPois rN+}
 54394 | Elf:3    | Identified the Catalogue of the Enchanting Entourage
 55216 | Vaults:1 | Entered Level 1 of the Vaults
 55409 | Vaults:1 | Received a gift from Nemelex Xobeh
 55786 | Vaults:1 | Reached skill level 10 in Earth Magic
 55787 | Vaults:1 | Reached skill level 10 in Transmutations
 55788 | Vaults:1 | Gained mutation: When low on magic, you restore magic in
                  | place of health. [demonic ancestry]
 55788 | Vaults:1 | Reached XP level 20. HP: 162/162 MP: 30/34
 55959 | Vaults:1 | Received a gift from Nemelex Xobeh
 56162 | Vaults:1 | Reached skill level 5 in Spellcasting
 56731 | Vaults:1 | Found Yskog's Antique Armour Emporium.
 56873 | Vaults:1 | Received a gift from Nemelex Xobeh
 57676 | Vaults:2 | Found a staircase to the Crypt.
 57984 | Vaults:2 | Received a gift from Nemelex Xobeh
 58045 | Vaults:2 | Found Yvi Zoisk's Magic Scroll Shop.
 58053 | Vaults:2 | Bought a scroll of enchant armour for 142 gold pieces
 58053 | Vaults:2 | Bought a scroll of fog for 38 gold pieces
 58053 | Vaults:2 | Bought a scroll of blinking for 142 gold pieces
 58053 | Vaults:2 | Bought a scroll of enchant armour for 142 gold pieces
 58053 | Vaults:2 | Bought a scroll of teleportation for 57 gold pieces
 59121 | Vaults:2 | Identified the +8 battleaxe of the Wilderness {spect, rElec
                  | rCorr Int+9 Dex-2}
 59174 | Vaults:2 | Identified the -1 quarterstaff of the Madman {vorpal,
                  | Dex+4}
 59174 | Vaults:2 | Identified the +2 long sword of Eternal War {venom, Drain
                  | Will+ rCorr Int+5}
 59174 | Vaults:2 | Identified the +10 trident of Xom's Indignation {drain,
                  | rCorr}
 59176 | Vaults:2 | Noticed a golden dragon
 59185 | Vaults:2 | Found the +8 trident of the Octopus King {venom, rElec
                  | rPois Will+}
 59570 | Vaults:2 | Reached XP level 21. HP: 168/168 MP: 35/35
 59602 | Vaults:2 | Demolished by a titan

Illustrated notes

Levels and vault maps discovered:
D:1:      saegor_arrival_simple_e, layout_loops_corners, basic_ecumenical_altar,
          corexii_item_surrounded_by_moat, minivault_5, minmay_tromino_mix6
D:2:      layout_basic
D:3:      layout_rooms
D:4:      layout_cave_pods, lemuel_coloured_pillars_altar,
          minmay_temple_entry_wispy, serial_column_ruins, column_ruins_hut,
          column_ruins_corridor_straight, column_ruins_columns_corner,
          column_ruins_grid_1, column_ruins_columns_T, column_ruins_open_small,
          roderic_lattice_a
D:5:      layout_basic, uniq_edmund
D:6:      layout_basic, uniq_prince_ribbit1
D:7:      layout_basic, lemuel_zombie_altar_kikubaaqudgha
D:8:      layout_rooms, kennysheep_mini_moat
D:9:      layout_basic, kennysheep_mini, due_lair_maze_entry_diamond,
          kennysheep_generic_room_13
D:10:     minmay_the_grid_four_pointed_star_mashed
          [minmay_the_grid_triangle_9x9_sparse_checkered,
          minmay_the_grid_triangle_9x9_semitri,
          minmay_the_grid_triangle_9x9_steps,
          minmay_the_grid_triangle_9x9_negative_grid,
          minmay_the_grid_prize_inner_circle], layout_cave_pools,
          lemuel_tele_altar, tgw_xom, zin_purify, david_orc_4,
          hangedman_decor_riveting
D:11:     layout_big_octagon, grunt_decor_resistance
D:12:     minmay_outward_triangles, layout_gridville, cheibriados_altar_1
D:13:     layout_irregular_city, skrybe_limestone_x
D:14:     layout_loops_cross, grunt_vaults_entry_fortified, basic_altar,
          serial_glass, glass_columns_a, glass_columns_a, uniq_kirke
D:15:     hangedman_depths_entry_try_elsewhere_first, layout_basic,
          gammafunk_ghost_necromancy, small_chamber_with_monster, minmay_bent,
          uniq_louise
Temple:   eino_wide_crystal_templ
Lair:1:   lemuel_reptile_caves, layout_regular_city,
          chequers_serial_rivers_small_a, patterned_corridor
Lair:2:   minmay_lair_oklob_tunnel, layout_gridlike
Lair:3:   layout_loops_ring, minmay_shoals_entry_hut,
          guppyfry_snake_entry_garden, special_room [special_room_bee],
          wad_woods_road_02, serial_bayou_pond_e, columned_hall_lemuel,
          serial_bayou_shore_a
Lair:4:   layout_regular_city, ebering_ghost_xom, grunt_megastairs_3,
          lemuel_fruit_fields, infiniplex_staircase_pool, lemuel_fruit_fields,
          uniq_rupert, uniq_nessos, uniq_sonja, uniq_snorg
Lair:5:   layout_regular_city, dpeg_slime_entry_enclosed_altar,
          gammafunk_ghost_cemetery, kennysheep_basilisk_garden,
          serial_bayou_shore_b
Lair:6:   cheibrodos_lair_end_hotspot, layout_hall_layers
Shoals:1: layout_shoals
Shoals:2: layout_shoals, regret_index_shoals_crete
Shoals:3: layout_shoals, nicolae_shoals_cliffside_cave,
          nicolae_shoals_wave_tunnel
Shoals:4: shoals_end_grunt_ice, layout_shoals, uniq_roxanne
Snake:1:  layout_gridlike
Snake:2:  layout_onion_interference, nicolae_snake_horde_hoard, minmay_shop_star
Snake:3:  layout_rooms, uniq_aizul, uniq_vashnia
Snake:4:  minmay_snake_end_coiled, layout_cave_town, ebering_ghost_xom
Orc:1:    layout_caves, serial_shops, shop, nicolae_orc_lava_tube,
          elves_outpost_lemuel, uniq_erolcha
Orc:2:    st_orc_rangers, layout_diamond_mine, gauntlet_entry_generic,
          elf_legates
Elf:1:    minmay_elf_arrival_plus, layout_loops_corners, minmay_elf_demonology
Elf:2:    layout_geoelf_diagonals, lemuel_upstairs_altar, uniq_jorgrun
Elf:3:    minmay_elf_hall_quartered_circle, layout_geoelf_castle,
          lemuel_flamethrower_hall
Vaults:1: v_misc_5, st_squares, ontoclasm_vaults_twist, v_pattern_5,
          nicolae_vaults_network_star, vaults_dpeg_cross, v_misc_27, v_misc_13,
          nicolae_vaults_little_squares_5, v_misc_18, nicolae_vaults_alarming,
          vaults_room_stairs_pillars, layout_vaults_big_cross, serial_shops,
          nicolae_shop_overgrown_old_shop
Vaults:2: st_greater_box_1, grunt_vaults_diagonal, grunt_vaults_funnel,
          ontoclasm_vaults_misaligned, nicolae_vaults_ring_of_whatevers,
          nicolae_vaults_bisected_exclaves, minmay_crypt_entry_simple_corners,
          nicolae_vaults_network_quincunx
          [nicolae_vaults_network_quincunx_subvault,
          nicolae_vaults_network_quincunx_subvault,
          nicolae_vaults_network_quincunx_subvault,
          nicolae_vaults_network_quincunx_subvault,
          nicolae_vaults_network_quincunx_subvault], vaults_dpeg_ring,
          ontoclasm_vaults_bender, nicolae_vaults_diagonal_hallway_7,
          vaults_room_grid, vaults_room_octagon, nicolae_vaults_big_ls,
          layout_vaults_maze_bifur, serial_shops, shop

Skill      XL: |  1  2  3  4  5  6  7  8  9 10 11 12 13 14 15 16 17 18 19 20 |
---------------+-------------------------------------------------------------+-----
Fighting       | 4 5 6 10 12 13 15 | 15.1
Long Blades    | 1 |  1.3
Unarmed Combat | 3 4 5 8 10 12 14 16 | 16.7
Invocations    | 1 3 4 7 9 11 14 15 16 17 20 | 20.0
Dodging        | 5 7 9 10 | 10.0
Shields        | 6 10 14 | 14.5
Armour         | 7 8 |  8.6
Transmutations | 6 10 | 10.1
Earth Magic    | 6 10 | 10.1
Spellcasting   | 4 6 |  6.0
Stealth        | |  1.7

Action                   |  1- 3 |  4- 6 |  7- 9 | 10-12 | 13-15 | 16-18 | 19-21 || total
-------------------------+-------+-------+-------+-------+-------+-------+-------++-------
Melee: Unarmed           |    83 |    93 |   256 |   626 |  1196 |  1933 |   573 ||  4760
       Morningstar       |    30 |       |       |       |       |       |       ||    30
       Punch             |     1 |     2 |    11 |    61 |    84 |       |    44 ||   203
Throw: Throwing net      |       |       |       |       |     1 |       |       ||     1
 Cast: Statue Form       |       |       |       |       |       |       |    45 ||    45
Invok: Draw Destruction  |       |     2 |    10 |    18 |    48 |    60 |    17 ||   155
       Draw Summoning    |       |     1 |     1 |     5 |    16 |    15 |    12 ||    50
       Deal Four         |       |       |       |     2 |     4 |     3 |     4 ||    13
       Draw Escape       |       |       |       |     1 |     2 |    15 |     6 ||    24
       Triple Draw       |       |       |       |       |     1 |       |       ||     1
       Stack Five        |       |       |       |       |     1 |       |       ||     1
       Draw Stack        |       |       |       |       |       |     4 |       ||     4
Evoke: Wand              |     2 |       |       |     3 |     3 |     4 |       ||    12
  Use: Scroll            |     4 |       |     9 |     3 |    22 |    16 |     4 ||    58
       Potion            |       |       |       |     4 |     1 |     3 |     4 ||    12
 Stab: Sleeping          |     4 |       |       |     1 |     1 |       |       ||     6
       Petrified         |       |       |       |       |     6 |       |     2 ||     8
       Distracted        |       |       |       |       |     7 |     2 |       ||     9
       Held in net/web   |       |       |       |       |     1 |       |       ||     1
Armor: Robe              |     6 |       |       |       |       |       |       ||     6
       Leather armour    |    19 |     9 |       |       |       |       |       ||    28
       Ring mail         |       |    25 |    13 |       |       |       |       ||    38
       Chain mail        |       |       |    95 |   190 |       |       |       ||   285
       Quicksilver drago |       |       |       |    21 |   149 |       |       ||   170
       Fire dragon scale |       |       |       |       |   153 |   544 |    34 ||   731
       Skin              |       |       |       |       |       |       |   166 ||   166
Dodge: Dodged            |    74 |    39 |   155 |   342 |   861 |   900 |   402 ||  2773
Block: Other             |    18 |    14 |    34 |    99 |   101 |       |   180 ||   446
       Kite shield       |       |       |       |       |   305 |    35 |       ||   340
       Tower shield      |       |       |       |       |       |  2321 |   197 ||  2518
       Reflection        |       |       |       |       |       |    17 |    60 ||    77

Table legend: (Time is in decaauts)
 A = Elapsed time spent in this place.
 B = Non-inter-level travel time spent in this place.
 C = Inter-level travel time spent in this place.
 D = Time resting spent in this place.
 E = Time spent auto-exploring this place.
 F = Levels seen in this place.
 G = Mean time per level.
                   A        B        C        D        E       F      G
               +--------+--------+--------+--------+--------+-----+--------+
         Total |  60443 |  58021 |   2422 |  13963 |  32079 |  38 | 1590.6 |
       Dungeon |  17834 |  16843 |    991 |   2711 |  11480 |  15 | 1188.9 |
        Temple |    275 |    268 |      7 |    212 |     40 |   1 |  275.0 |
          Lair |  10449 |   9879 |    570 |   1575 |   6404 |   6 | 1741.5 |
        Shoals |   8151 |   7871 |    280 |   2401 |   3552 |   4 | 2037.8 |
     Snake Pit |   9858 |   9684 |    174 |   4169 |   3497 |   4 | 2464.5 |
  Orcish Mines |   3753 |   3563 |    190 |   1447 |   1322 |   2 | 1876.5 |
   Elven Halls |   4748 |   4611 |    137 |    431 |   2757 |   3 | 1582.7 |
        Vaults |   4955 |   4886 |     69 |    859 |   3025 |   2 | 2477.5 |
      Gauntlet |    416 |    416 |      0 |    158 |      0 |   1 |  416.0 |
               +--------+--------+--------+--------+--------+-----+--------+

Top non-repeatable levels by time:
Shoals:3: 2815 daAuts
Vaults:2: 2767 daAuts
 Snake:4: 2712 daAuts
 Snake:1: 2470 daAuts
 Snake:2: 2414 daAuts
   Elf:3: 2402 daAuts
  Lair:3: 2262 daAuts
 Snake:3: 2260 daAuts
Vaults:1: 2188 daAuts
  Lair:1: 2157 daAuts
Shoals:2: 2155 daAuts
    D:14: 2059 daAuts
   Orc:2: 2005 daAuts
  Lair:5: 1888 daAuts
Shoals:4: 1846 daAuts
